 Dungeon Crawl Stone Soup version 0.30-a0-802-gb92711bcdf (webtiles) character file.

Game seed: 9689789602041680000

12527 Pimp the Fighter (level 11, 0/156 HPs)
             Began as a Minotaur Fighter on Feb 23, 2023.
             Was a High Priest of Okawaru.
             Succumbed to an orc warlord's poison
             ... on level 12 of the Dungeon.
             The game lasted 00:29:14 (13724 turns).

Pimp the Fighter (Minotaur Fighter)                Turns: 13724, Time: 00:29:14

Health: 0/156      AC: 15    Str: 32    XL:     11   Next: 63%
Magic:  10/10      EV:  8    Int:  4    God:    Okawaru [*****.]
Gold:   722        SH:  6    Dex:  9    Spells: 10/10 levels left

rFire   . . .      SeeInvis .    a - +4 long sword
rCold   . . .      Faith    +    c - +0 buckler
rNeg    . . .      Spirit   .    n - +1 plate armour
rPois   .          Reflect  .    (helmet unavailable)
rElec   .          Harm     .    r - +0 cloak
rCorr   .          Rampage  .    m - +0 pair of gloves
Will    +....                    s - +0 pair of boots of Honesty {Str+3 Stlth+} Stlth
                                 d - amulet of faith
HPRegen 0.46/turn                (no ring)
MPRegen 0.12/turn                (no ring)

@: berserking, lethally poisoned (0 -> -46), hasted, very quick
A: horns 3, retaliatory headbutt, deformed body, strong-willed 1, strong 1
a: Renounce Religion, Heroism, Finesse, Duel


You were on level 12 of the Dungeon.
You worshipped Okawaru.
Okawaru was extremely pleased with you.
You visited 3 branches of the dungeon, and saw 15 of its levels.
You also visited: Sewer.

You collected 722 gold pieces.

Inventory:

Hand Weapons
 a - a +4 long sword (weapon)
 v - a +2 shortbow of freezing
Armour
 c - a +0 buckler (worn)
 m - a +0 pair of gloves (worn)
 n - a +1 plate armour (worn)
 r - a +0 cloak (worn)
 s - the +0 pair of boots of Honesty (worn) {Str+3 Stlth+}
   (You acquired it on level 12 of the Dungeon)

   Str:       It affects your strength (+3).
   Stlth:     It makes you more stealthy.
 E - a +2 pair of boots
 M - the +0 hat of the Cockroach {rElec rPois rF+}
   (Okawaru gifted it to you on level 12 of the Dungeon)

   rF:        It protects you from fire.
   rElec:     It insulates you from electricity.
   rPois:     It protects you from poison.
Jewellery
 d - an amulet of faith (around neck)
 u - a ring of flight
 z - an amulet of guardian spirit
Wands
 b - a wand of light (8)
 e - a wand of iceblast (19)
 g - a wand of mindburst (17)
 k - a wand of flame (27)
Scrolls
 h - 2 scrolls of immolation
 o - 2 scrolls of identify
 w - a scroll of magic mapping
 x - 2 scrolls of silence
 y - 4 scrolls of fear
 A - 3 scrolls of teleportation
 J - a scroll of poison
Potions
 f - a potion of magic
 i - 5 potions of brilliance
 t - a potion of flight
 N - a potion of haste
Miscellaneous
 B - a condenser vane
 D - a tin of tremorstones (2/2)
 F - a lightning rod (4/4)
 O - a phantom mirror


   Skills:
 + Level 11.8 Fighting
 + Level 11.5 Long Blades
 + Level 11.8 Armour
 + Level 11.8 Shields


You had 10 spell levels left.
You didn't know any spells.
Your spell library contained the following spells:

 Spells                   Type           Power      Damage    Failure   Level
 Magic Dart               Conj           0%         1d3       99%         1
 Slow                     Hex            0%         N/A       99%         1
 Searing Ray              Conj           0%         2d4       99%         2
 Confusing Touch          Hex            0%         N/A       100%        3
 Stone Arrow              Conj/Erth      0%         3d7       100%        3
 Vampiric Draining        Necr           0%         2d6       100%        3
 Fulminant Prism          Conj/Hex       0%         3d5       100%        4
 Passage of Golubria      Tloc           0%         N/A       100%        4
 Yara's Violent Unravell  Hex/Tmut       0%         3d3       100%        5
 Lehudib's Crystal Spear  Conj/Erth      0%         10d2      100%        8
 Tukima's Dance           Hex            Unusable   N/A       N/A         3
 Animate Armour           Summ/Erth      Unusable   N/A       N/A         4

Dungeon Overview and Level Annotations

Branches:
Dungeon (13/15)            Temple (1/1) D:7            Lair (0/5) D:10
    Orc (1/2) D:12          Sewer (visited)
 Vaults: D:13-14

Altars:
Ashenzari
Dithmenos
Elyvilon
Fedhas
Kikubaaqudgha
Makhleb
Nemelex Xobeh
Okawaru
Qazlal
Ru
Sif Muna
Uskayaw
The Shining One


Innate Abilities, Weirdness & Mutations

You have a pair of large horns on your head.
You reflexively headbutt those who attack you in melee.
Armour fits poorly on your strangely shaped body.
You are strong-willed. (Will+)
Your muscles are strong. (Str +4, Int/Dex -1)


Message History

The +0 pair of boots of Honesty {Str+3 Stlth+} unmelds from your body.
Your +1 plate armour unmelds from your body.
Okay, then.
You feel yourself speed up.
The orc warlord struggles against the net.
The net rips apart, and the orc warlord comes free!
A red film seems to cover your vision as you go berserk!
You feel yourself moving faster!
You feel mighty!
You feel a strong urge to attack something.
The orc warlord hits you with a +2 glaive of venom!!
You are poisoned.
You slash the orc warlord! You headbutt the orc warlord!!
The orc warlord is severely wounded.
You feel very sick.
You hit the orc warlord.
The orc warlord is severely wounded.
You feel very sick.
The orc warlord hits you with a +2 glaive of venom!!
* * * LOW HITPOINT WARNING * * *
You are more poisoned.
You barely miss the orc warlord. Your headbutt misses the orc warlord.
The orc warlord is severely wounded.
You feel very sick.
You completely miss the orc warlord.
You headbutt the orc warlord, but do no damage.
The orc warlord is severely wounded.
You feel very sick.
The orc warlord hits you with a +2 glaive of venom!!
* * * LOW HITPOINT WARNING * * *
You are more poisoned.
You are too berserk!
You barely miss the orc warlord.
You headbutt the orc warlord, but do no damage.
The orc warlord is severely wounded.
* * * LOW HITPOINT WARNING * * *
You feel very sick.
Okay, then.
You barely miss the orc warlord. You headbutt the orc warlord!
The orc warlord is severely wounded.
You die...

................# #
###########.##.##. ####+###
..........#.##.#(. ........
#.........#....#.# .# ..#........
..........#....#(# .#...#......##
..........#....#(##.#...+......##
..........#....#(...'...#......##
..........######o...#####........
####'###........@................
..#....#.##..###....#.!. #..#....
..#....#.....###.........#......#
########.........................
#####....################........
....'.##.# #....##.. ....#....#
#........ ....#....# #........
#####....# #........


You could see an orc warlord (very poisoned, slow).

Vanquished Creatures
  Frances (D:12)
  Josephine (D:11)
  A boulder beetle (D:12)
  2 two-headed ogres
  Pikel (D:8)
  2 ugly things (D:12)
  2 cyclopes
  2 trolls
  Prince Ribbit (D:8)
  A hornet (D:10)
  A shadow (D:10)
  2 wyverns
  6 yaks
  A vampire (D:10)
  5 wraiths
  2 steam dragons
  7 vampire mosquitoes
  2 wargs (D:10)
  4 ice beasts
  A black bear (D:4)
  5 orc warriors
  2 ogres
  3 centaurs
  A phantom (D:6)
  2 bullfrogs
  A gnoll sergeant (D:7)
  A necrophage (D:7)
  A scorpion (D:6)
  2 howler monkeys
  2 jellies
  7 orc priests
  4 hounds
  Terence (D:3)
  Ijyb (D:3)
  An iguana (D:7)
  8 orc wizards
  4 gnolls (D:7)
  6 adders
  2 river rats (Sewer)
  2 shadow imps (D:6)
  A white imp (D:6)
  2 ufetubi
  A worm (D:4)
  2 dart slugs
  39 orcs
  12 ball pythons
  6 bats
  2 bat skeletons (D:4)
  4 bat zombies (D:4)
  4 endoplasms
  5 giant cockroaches
  10 goblins
  14 hobgoblins
  9 jackals
  9 kobolds
  3 quokkas
  11 frilled lizards
  10 rats
245 creatures vanquished.

Vanquished Creatures (others)
  An orc (D:6)
  5 plants (D:7)
6 creatures vanquished.

Grand Total: 251 creatures vanquished

Notes
Turn   | Place    | Note
-------+----------+-------------------------------------------
     0 | D:1      | Pimp the Minotaur Fighter began the quest for the Orb.
     0 | D:1      | Reached XP level 1. HP: 19/19 MP: 0/0
    76 | D:1      | Reached XP level 2. HP: 24/27 MP: 1/1
   211 | D:1      | Reached XP level 3. HP: 33/33 MP: 2/2
  1124 | D:2      | Reached XP level 4. HP: 40/40 MP: 3/3
  1646 | D:3      | Noticed Terence
  1665 | D:3      | Killed Terence
  1720 | D:3      | Noticed Ijyb
  1752 | D:3      | Killed Ijyb
  1753 | D:3      | Reached XP level 5. HP: 36/47 MP: 4/4
  2315 | D:4      | Noticed a black bear
  2324 | D:4      | Killed a black bear
  2325 | D:4      | Reached skill level 5 in Fighting
  2325 | D:4      | Reached skill level 5 in Armour
  2325 | D:4      | Reached skill level 5 in Shields
  2325 | D:4      | Reached XP level 6. HP: 55/56 MP: 5/5
  2392 | D:4      | Found an ancient bone altar of Kikubaaqudgha.
  2609 | D:4      | Identified the +2 leather armour "Fauryxt" {Rampage +Blink
                  | Str-2 Int+3}
  2938 | D:5      | Entered Level 5 of the Dungeon
  3474 | D:5      | Noticed an ice beast
  3491 | D:5      | Killed an ice beast
  3705 | D:5      | Reached skill level 5 in Long Blades
  3968 | D:5      | Reached XP level 7. HP: 60/62 MP: 6/6
  4164 | D:6      | Found a glowing drain.
  4177 | Sewer    | Entered a sewer
  4899 | D:6      | Reached XP level 8. HP: 71/71 MP: 7/7
  6639 | D:7      | Found a shadowy altar of Dithmenos.
  6703 | D:7      | Found a burning altar of Makhleb.
  7047 | D:7      | Found a staircase to the Ecumenical Temple.
  7053 | Temple   | Entered the Ecumenical Temple
  7082 | Temple   | Became a worshipper of Warmaster Okawaru
  7350 | D:8      | Noticed Prince Ribbit
  7635 | D:8      | Noticed Pikel
  7652 | D:8      | Killed Pikel
  7653 | D:8      | Reached XP level 9. HP: 68/81 MP: 8/8
  7829 | D:8      | Killed Prince Ribbit
  7901 | D:8      | Found a shimmering blue altar of Sif Muna.
  8009 | D:8      | Reached * piety under Okawaru
  8301 | D:8      | Found a sparkling altar of Nemelex Xobeh.
  8925 | D:9      | Found a white marble altar of Elyvilon.
  9089 | D:10     | Entered Level 10 of the Dungeon
  9090 | D:10     | Noticed a troll
  9098 | D:10     | Killed a troll
  9178 | D:10     | Reached ** piety under Okawaru
  9255 | D:10     | Reached XP level 10. HP: 72/91 MP: 9/9
  9420 | D:10     | Gained mutation: Your system is resistant to poisons.
                  | (rPois) [potion of mutation]
  9420 | D:10     | Gained mutation: You are clumsy. (Dex -2) [potion of
                  | mutation]
  9420 | D:10     | Gained mutation: You have sharp fingernails. [potion of
                  | mutation]
  9420 | D:10     | Gained mutation: Your flesh is heat resistant. (rF+)
                  | [potion of mutation]
  9662 | D:10     | Found a staircase to the Lair.
 10209 | D:11     | Reached *** piety under Okawaru
 10210 | D:11     | Reached skill level 10 in Fighting
 10349 | D:11     | Noticed Josephine
 10381 | D:11     | Killed Josephine
 10382 | D:11     | Reached skill level 10 in Armour
 10382 | D:11     | Reached skill level 10 in Shields
 10396 | D:11     | Reached skill level 10 in Long Blades
 10624 | D:11     | Noticed a cyclops
 10635 | D:11     | Killed a cyclops
 10635 | D:11     | Reached **** piety under Okawaru
 10817 | D:11     | Noticed a two-headed ogre
 10832 | D:11     | Killed a two-headed ogre
 11035 | D:11     | Reached XP level 11. HP: 100/101 MP: 10/10
 11037 | D:11     | Reached ***** piety under Okawaru
 11474 | D:12     | Noticed a purple ugly thing
 11490 | D:12     | Killed a purple ugly thing
 11561 | D:12     | Noticed a boulder beetle
 11605 | D:12     | Killed a boulder beetle
 11605 | D:12     | Identified the +0 hat of the Cockroach {rElec rPois rF+}
                  | (Okawaru gifted it to you on level 12 of the Dungeon)
 11605 | D:12     | Received a gift from Okawaru
 11847 | D:12     | Noticed Frances
 11858 | D:12     | Gained mutation: You expend magic power (3 MP) to
                  | strengthen your wands. [a neqoxec]
 11994 | D:12     | Found a staircase to the Orcish Mines.
 12006 | Orc:1    | Entered Level 1 of the Orcish Mines
 12031 | Orc:1    | Noticed an orc warlord
 12086 | Orc:1    | Noticed a two-headed ogre
 12173 | D:12     | Identified a scroll of acquirement
 12173 | D:12     | Acquired the +0 pair of boots of Honesty {Str+3 Stlth+}
 12554 | D:12     | Killed a two-headed ogre
 13089 | D:11     | Lost mutation: You have sharp fingernails. [potion of
                  | mutation]
 13089 | D:11     | Lost mutation: Your flesh is heat resistant. (rF+) [potion
                  | of mutation]
 13089 | D:11     | Lost mutation: Your system is resistant to poisons. (rPois)
                  | [potion of mutation]
 13089 | D:11     | Gained mutation: Your body sometimes deteriorates upon
                  | taking damage. [potion of mutation]
 13089 | D:11     | Gained mutation: You have sharp fingernails. [potion of
                  | mutation]
 13090 | D:11     | Lost mutation: You are clumsy. (Dex -2) [potion of
                  | mutation]
 13090 | D:11     | Lost mutation: You expend magic power (3 MP) to strengthen
                  | your wands. [potion of mutation]
 13090 | D:11     | Gained mutation: You are robust. (+10% HP) [potion of
                  | mutation]
 13090 | D:11     | Gained mutation: You are strong-willed. (Will+) [potion of
                  | mutation]
 13091 | D:11     | Lost mutation: You have sharp fingernails. [potion of
                  | mutation]
 13091 | D:11     | Lost mutation: You are robust. (+10% HP) [potion of
                  | mutation]
 13091 | D:11     | Gained mutation: Your muscles are strong. (Str +4, Int/Dex
                  | -1) [potion of mutation]
 13091 | D:11     | Gained mutation: You have large cloven feet. [potion of
                  | mutation]
 13093 | D:11     | Lost mutation: Your body sometimes deteriorates upon taking
                  | damage. [potion of mutation]
 13093 | D:11     | Lost mutation: You have large cloven feet. [potion of
                  | mutation]
 13093 | D:11     | Lost mutation: You are strong-willed. (Will+) [potion of
                  | mutation]
 13093 | D:11     | Gained mutation: Armour fits poorly on your strangely
                  | shaped body. [potion of mutation]
 13093 | D:11     | Gained mutation: You are strong-willed. (Will+) [potion of
                  | mutation]
 13093 | D:11     | Gained mutation: You have a pair of large horns on your
                  | head. [potion of mutation]
 13131 | D:12     | Killed Frances
 13324 | D:12     | Noticed a red ugly thing
 13348 | D:12     | Killed a red ugly thing
 13723 | D:12     | HP: 6/156 [poisoned by an orc warlord]
 13724 | D:12     | Succumbed to an orc warlord's poison

Illustrated notes

Levels and vault maps discovered:
D:1:      spicycebolla_arrival_ecumenical, layout_basic, st_stairs_4
D:2:      minmay_chambers_of_ones, layout_basic, interstate_on_off
D:3:      layout_loops_cross, uniq_ijyb, uniq_terence
D:4:      layout_rooms, kennysheep_vampire_church, hangedman_decor_push,
          nrook_loot_triangle, chequers_serial_rivers_micro_a
D:5:      layout_basic
D:6:      layout_basic, portal_sewer_entry_b
D:7:      layout_cave_pools, nicolae_dithmenos_shadow_blocks,
          mainiacjoe_overflow_six_doors_small,
          minmay_temple_entry_enclosed_plants, kennysheep_generic_room_11
D:8:      layout_loops_ring, mainiacjoe_overflow_paths, marbit_many_paths,
          chequers_serial_rivers_large_b, uniq_prince_ribbit1, uniq_pikel
D:9:      layout_roguey, kennysheep_mini_moat
D:10:     layout_cave_pools, erik_lair_orcish_takeover,
          nicolae_figureground_sparkle
D:11:     layout_roguey, lemuel_flamethrower_2, uniq_josephine
D:12:     layout_stronghold, orc_0_dummy, uniq_frances
D:13:     layout_big_octagon, david_vaults_2, serial_shops,
          nicolae_stop_n_shop_1
Temple:   nicolae_temple_elliptical
Orc:1:    layout_caves

Skill      XL: |  1  2  3  4  5  6  7  8  9 10 11 |
---------------+----------------------------------+-----
Fighting       | 4 5 6 8 9 10 11 | 11.8
Armour         | 4 5 6 8 9 10 11 | 11.8
Shields        | 4 5 6 8 9 10 11 | 11.8
Long Blades    | 3 4 5 6 7 9 10 11 | 11.5

Action                     |  1- 3 |  4- 6 |  7- 9 | 10-12 || total
---------------------------+-------+-------+-------+-------++-------
  Melee: Long sword        |   125 |   152 |   414 |   362 ||  1053
         Headbutt          |    10 |    19 |    80 |    97 ||   206
  Throw: Dart              |       |       |       |    17 ||    17
         Javelin           |       |       |       |     5 ||     5
         Throwing net      |       |       |       |     1 ||     1
 Invoke: Heroism           |       |       |       |     3 ||     3
    Use: Scroll            |       |     9 |    11 |    15 ||    35
         Potion            |       |     1 |     6 |    17 ||    24
 Armour: Scale mail        |    57 |       |       |       ||    57
         Plate armour      |    44 |   137 |   405 |   285 ||   871
         Skin              |       |       |       |     2 ||     2
  Dodge: Dodged            |    81 |    58 |   142 |   141 ||   422
  Block: Buckler           |    41 |    44 |   109 |   115 ||   309

Table legend: (Time is in decaauts)
 A = Elapsed time spent in this place.
 B = Non-inter-level travel time spent in this place.
 C = Inter-level travel time spent in this place.
 D = Time resting spent in this place.
 E = Time spent auto-exploring this place.
 F = Levels seen in this place.
 G = Mean time per level.
                   A        B        C        D        E       F      G
               +--------+--------+--------+--------+--------+-----+--------+
         Total |  13964 |  13536 |    428 |   3678 |   7130 |  16 |  872.8 |
       Dungeon |  13408 |  13001 |    407 |   3632 |   6871 |  13 | 1031.4 |
        Temple |     56 |     35 |     21 |      0 |     18 |   1 |   56.0 |
  Orcish Mines |     36 |     36 |      0 |      0 |      0 |   1 |   36.0 |
         Sewer |    462 |    462 |      0 |     46 |    241 |   1 |  462.0 |
               +--------+--------+--------+--------+--------+-----+--------+

Top non-repeatable levels by time:
    D:12: 2137 daAuts
     D:7: 1456 daAuts
    D:11: 1453 daAuts
     D:6: 1303 daAuts
     D:8: 1162 daAuts
     D:5: 1160 daAuts
    D:10: 1053 daAuts
     D:2: 838 daAuts
     D:3: 754 daAuts
     D:4: 728 daAuts
     D:1: 684 daAuts
     D:9: 673 daAuts
   Sewer: 462 daAuts
  Temple: 56 daAuts
   Orc:1: 36 daAuts
